AoeStats
← Goku_San

Arena

508185256Analyzed
4v4 RM · 11d ago on Sep 21, 2026· 38m 3s· 8 players
Game mode
Random Map
Map size
Large (8 player)
Population
200
Speed
Normal
Resources
Standard
Victory
Conquest
Starting age
Dark Age
Ending age
Imperial Age
RankedLock teamsTeams togetherTeam positionsShared explorationLock speedFull tech treeHidden civsTurbo modeCheats
Victory
Defeat
🇧🇦 Huns · Bosnia & Herzegovina
1297
+15
🇳🇿 Celts · New Zealand
1283
+15
🇨🇳 Chinese · China
1259
+16
🇨🇳 Mongols · China
1197
+19
🇮🇱 Mongols · Israel
1306
-18
🇸🇪 Khitans · Sweden
1291
-17
🇺🇸 Teutons · United States
1231
-15
🇬🇧 Persians · United Kingdom
1228
-15
1godi
10:10 Feudal Age
14:03 Castle Age
11:50 Double-Bit Axe
15:03 Bow Saw
14:35 Horse Collar
15:23 Heavy Plow
20:14 Wheelbarrow
20:12 Gold Mining
22:25 Scale Barding Armor
22:30 Forging
24:39 Chain Barding Armor
24:59 Bloodlines
26:22 Iron Casting
25:52 Husbandry
29:27 Loom
32:16 Imperial Age
30:09 Squires
29:29 Pikeman
30:48 Hand Cart
31:25 Iron Casting
31:05 Town Watch
31:29 Marauders
32:13 Scale Mail Armor
33:01 Stone Mining
34:03 Plate Barding Armor
33:06 Elite Tarkan
34:19 Conscription
35:02 Blast Furnace
35:23 Chain Mail Armor
Far King Noob
11:14 Feudal Age
10:56 Loom
15:02 Castle Age
14:12 Forging
17:13 Arson
29:02 Double-Bit Axe
29:39 Gold Mining
32:36 Wheelbarrow
33:30 Bow Saw
35:42 Hand Cart
36:09 Gold Shaft Mining
38:57 Imperial Age
老k
0:34 Loom
9:54 Feudal Age
16:07 Castle Age
14:36 Double-Bit Axe
14:43 Horse Collar
15:33 Stone Mining
16:37 Wheelbarrow
17:51 Bow Saw
18:28 Heavy Plow
21:22 Gold Mining
25:47 Hand Cart
30:17 Imperial Age
28:07 Fletching
28:18 Padded Archer Armor
28:43 Ballistics
28:47 Town Watch
28:59 Bodkin Arrow
29:16 Masonry
29:17 Fortified Wall
30:29 Leather Archer Armor
30:25 Forging
30:15 Scale Mail Armor
31:04 Squires
30:50 Arson
31:42 Iron Casting
32:15 Chemistry
31:45 Architecture
31:42 Bracer
32:21 Conscription
31:33 Pikeman
33:00 Chain Mail Armor
32:31 Halberdier
34:29 Blast Furnace
34:03 Great Wall
35:00 Ring Archer Armor
35:00 Plate Mail Armor
35:49 Elite Chu Ko Nu
38:22 Gold Shaft Mining
38:22 Stone Shaft Mining
37:49 Town Patrol
37:40 Sappers
精锐数字
11:47 Feudal Age
12:42 Double-Bit Axe
12:42 Horse Collar
15:09 Castle Age
16:23 Bow Saw
16:14 Heavy Plow
20:30 Wheelbarrow
29:14 Imperial Age
27:06 Gold Mining
27:24 Scale Barding Armor
27:29 Forging
27:56 Forging
28:34 Chain Barding Armor
28:26 Bloodlines
28:16 Husbandry
29:05 Hand Cart
29:28 Iron Casting
29:08 Loom
29:27 Elite Steppe Lancer
30:56 Town Watch
33:37 Blast Furnace
sbr
0:29 Loom
10:57 Feudal Age
15:17 Castle Age
13:05 Double-Bit Axe
13:38 Horse Collar
16:29 Bow Saw
20:30 Wheelbarrow
22:04 Stone Mining
22:04 Gold Mining
23:01 Gold Mining
23:48 Stone Shaft Mining
24:39 Hand Cart
24:43 Heavy Plow
26:15 Pikeman
27:02 Fletching
27:12 Padded Archer Armor
30:18 Imperial Age
27:53 Scale Mail Armor
27:50 Bodkin Arrow
27:56 Scale Mail Armor
29:15 Forging
32:28 Chemistry
32:14 Chain Mail Armor
33:27 Town Watch
33:27 Onager
34:56 Squires
36:53 Plate Mail Armor
36:58 Iron Casting
24601
11:41 Feudal Age
15:24 Castle Age
13:23 Double-Bit Axe
13:29 Horse Collar
15:21 Wheelbarrow
20:42 Scale Barding Armor
20:50 Bloodlines
25:08 Loom
26:32 Chain Barding Armor
26:23 Forging
32:18 Imperial Age
30:04 Hand Cart
30:06 Bow Saw
30:54 Iron Casting
31:24 Husbandry
32:53 Cavalier
34:10 Plate Barding Armor
34:01 Heavy Camel Rider
Goku_San
6:58 Loom
9:24 Feudal Age
10:13 Double-Bit Axe
13:57 Castle Age
11:40 Horse Collar
21:11 Wheelbarrow
21:20 Bow Saw
21:29 Heavy Plow
21:26 Stone Mining
21:44 Gold Mining
25:11 Gold Shaft Mining
26:17 Scale Barding Armor
26:23 Forging
27:02 Bloodlines
26:53 Husbandry
27:32 Chain Barding Armor
29:02 Iron Casting
29:27 Hand Cart
33:12 Imperial Age
31:31 Ballistics
31:04 Fletching
31:14 Padded Archer Armor
32:11 Stone Shaft Mining
31:27 Town Watch
32:30 Bodkin Arrow
32:51 Leather Archer Armor
32:43 Thumb Ring
34:01 Bracer
33:32 Elite Mangudai
35:15 Chemistry
35:03 Parthian Tactics
35:29 Conscription
BlackBelt
8:08 Loom
10:27 Feudal Age
13:14 Loom
15:49 Castle Age
13:58 Double-Bit Axe
14:10 Domestication
15:58 Gold Mining
20:15 Fletching
26:34 Bow Saw
29:33 Pastoralism
31:59 Fortified Wall
32:13 Squires
36:29 Imperial Age
34:05 Scale Mail Armor
34:08 Town Watch
35:08 Forging
35:13 Chain Mail Armor
35:02 Squires
36:59 Iron Casting
37:07 Wheelbarrow
Connection lost

Rejoining the realm…

Still unreachable

The connection could not be restored.

Session expired

The server has moved on; the page needs a fresh start.